Toronto St Pats vs Providence Bruins
Created - Thursday, March 23, 2023 at 08:45
Goals
|
| Toronto St Pats |
1 |
0 |
2 |
0 |
3 |
| Providence Bruins |
0 |
1 |
2 |
1 |
4 |
|
Shots
|
| Toronto St Pats |
9 |
1 |
15 |
0 |
25 |
| Providence Bruins |
3 |
7 |
21 |
4 |
35 |
|
1st period
1. Toronto St Pats , Jesse Puljujarvi 9 (Quinton Byfield 5) at 2:43
Penalties :
Jack Studnicka (PRB) for High sticking (Minor) at 17:03
2nd period
2. Providence Bruins , John-Jason Peterka 4 (Unassisted) at 7:48
Penalties :
Nikolai Knyzhov (PRB) for Hooking (Minor) at 7:53, John-Jason Peterka (PRB) for Interference (Minor) at 11:14
3rd period
3. Providence Bruins , Austin Wagner 2 (Logan Hutsko 2, Jacob Moverare 2) at 0:46
4. Providence Bruins , Jordy Bellerive 1 (Nikolai Knyzhov 4, Jordan Spence 6) at 7:44
5. Toronto St Pats , Antonio Stranges 1 (Lassi Thomson 7, Rudolfs Balcers 7) at 12:24
6. Toronto St Pats , Luke Henman 1 (Jesse Puljujarvi 8, Rudolfs Balcers 8) at 19:52
Penalties :
Austin Watson (TSP) for High sticking (Minor) at 0:49, John-Jason Peterka (PRB) for Goalie Interference (Minor) at 0:53
Overtime #1
7. Providence Bruins , Austin Wagner 3 (Logan Hutsko 3, Nikolai Knyzhov 5) at 2:29
Penalties :
No Penalty
Goalie Stats
Jakub Skarek (TSP), 31 saves from 35 shots - (0.886), OTL, 0-0-1, 62:07 minutes
Olivier Rodrigue (PRB), 22 saves from 25 shots - (0.880), W, 2-2-0, 62:29 minutes
Players Stats for Toronto St Pats
Player Name G A P +/- PIM S H SB GA TA FO MP PP MP PK MP
------------------------------------------------------------------------------------
Antonio Stranges 1 0 1 1 0 2 1 1 0 0 0/1 11:32 0:00 0:00
Austin Watson 0 0 0 -1 2 2 3 2 1 0 1/2 18:52 2:55 0:00
Brad Malone 0 0 0 -2 0 2 2 0 0 1 5/14 16:08 3:05 0:00
Connor Dewar 0 0 0 1 0 0 1 0 0 1 0/0 11:11 0:00 0:00
Dylan Samberg 0 0 0 -1 0 0 2 1 1 0 0/0 26:05 3:27 0:04
Glenn Gawdin 0 0 0 -2 0 1 3 0 0 0 0/0 6:43 0:05 0:00
Ivan Lodnia 0 0 0 -1 0 0 1 1 0 0 0/0 18:09 2:51 0:00
Jake Leschyshyn 0 0 0 1 0 1 0 0 0 0 2/5 10:52 0:00 0:00
Jesse Puljujarvi 1 1 2 0 0 7 2 0 2 0 2/7 26:34 3:05 0:04
Lassi Thomson 0 1 1 -1 0 3 1 2 0 1 0/0 25:41 3:27 0:04
Liam Foudy 0 0 0 -1 0 0 1 1 0 1 4/13 18:16 2:51 0:00
Lucas Carlsson 0 0 0 0 0 1 2 1 0 0 0/0 21:18 2:34 0:00
Luke Henman 1 0 1 0 0 1 0 0 0 0 1/1 5:17 0:01 0:00
Nikita Okhotyuk 0 0 0 0 0 0 2 0 0 0 0/0 15:30 0:00 0:00
Pierre-Olivier Joseph 0 0 0 0 0 0 0 1 1 0 0/0 20:54 2:34 0:00
Quinton Byfield 0 1 1 1 0 0 1 1 0 0 3/8 13:10 0:05 0:00
Rudolfs Balcers 0 2 2 1 0 5 3 2 2 0 1/2 26:14 3:05 0:04
Scott Perunovich 0 0 0 0 0 0 0 0 0 0 0/0 15:30 0:00 0:00
Players Stats for Providence Bruins
Player Name G A P +/- PIM S H SB GA TA FO MP PP MP PK MP
------------------------------------------------------------------------------------
Austin Wagner 2 0 2 1 0 6 2 0 0 0 0/1 17:02 0:00 0:00
Brandon Coe 0 0 0 1 0 1 2 0 0 0 1/1 13:46 0:00 0:00
Cole Schwindt 0 0 0 -1 0 0 2 0 0 0 0/0 15:53 0:00 0:00
Helge Grans 0 0 0 0 0 0 0 1 0 0 0/0 10:21 0:00 1:03
Jack Studnicka 0 0 0 -1 2 2 0 0 0 0 5/8 18:46 0:00 1:34
Jacob Moverare 0 1 1 1 0 1 1 0 0 0 0/0 18:56 0:00 2:24
Jared McIsaac 0 0 0 0 0 0 0 0 0 0 0/0 9:18 0:00 0:00
Joe Veleno 0 0 0 1 0 2 0 0 1 1 1/1 24:12 0:04 3:15
John-Jason Peterka 1 0 1 -1 4 6 0 1 0 1 1/2 19:57 0:03 1:39
Jordan Spence 0 1 1 -1 0 3 1 1 1 1 0/0 26:58 0:04 3:36
Jordy Bellerive 1 0 1 1 0 1 0 1 0 0 2/2 9:12 0:00 1:54
Logan Hutsko 0 2 2 2 0 3 1 0 0 1 6/8 15:45 0:00 0:00
Marc Del Gaizo 0 0 0 1 0 0 0 0 0 0 0/0 7:39 0:00 0:12
Mason Millman 0 0 0 1 0 1 0 0 0 1 0/0 7:11 0:00 0:00
Michal Teply 0 0 0 -1 0 1 1 0 1 0 0/0 17:17 0:00 0:47
Morgan Geekie 0 0 0 -1 0 5 2 0 0 1 18/30 24:33 0:04 2:53
Nikolai Knyzhov 0 2 2 -1 2 3 5 0 0 1 0/0 25:48 0:04 2:22
Samuel Bolduc 0 0 0 1 0 0 1 3 1 0 0/0 19:21 0:00 2:25
3 Stars
1 - Austin Wagner (PRB)
2 - Logan Hutsko (PRB)
3 - Jesse Puljujarvi (TSP)
Power Play
Toronto St Pats - 0 on 4 Attempt(s) - 0.00%
Providence Bruins - 0 on 1 Attempt(s) - 0.00%
Penalty Kill
Toronto St Pats - 1 on 1 Attempt(s) - 100.00%
- Score 0 goal in Penalty Kill
Providence Bruins - 4 on 4 Attempt(s) - 100.00%
- Score 0 goal in Penalty Kill
Team Stat
Toronto St Pats - Hits : 25 - Faceoff Wins : 19 - Blocked Shots : 13 - Penalty Minutes : 2
Providence Bruins - Hits : 18 - Faceoff Wins : 34 - Blocked Shots : 7 - Penalty Minutes : 8
Official
Referees : Gord Dwyer and Rob Martell
Linesman : Tony Sericolo and Andy McElman
Game Notes
7:48 of 2nd period - Penalty Shot by John-Jason Peterka for Providence Bruins - Goal!
Toronto St Pats
5 vs 5 Forward
Center Left Wing Right Wing Time % Phy DF OF
1 Brad Malone Rudolfs Balcers Jesse Puljujarvi 40 1 2 2
2 Liam Foudy Austin Watson Ivan Lodnia 30 1 2 2
3 Quinton Byfield Connor Dewar Jesse Puljujarvi 20 1 2 2
4 Jake Leschyshyn Antonio Stranges Rudolfs Balcers 10 1 2 2
5 vs 5 Defense
Defense Defense Time % Phy DF OF
1 Dylan Samberg Lassi Thomson 40 1 2 2
2 Pierre-Olivier Joseph Lucas Carlsson 30 1 2 2
3 Scott Perunovich Nikita Okhotyuk 20 1 2 2
4 Dylan Samberg Lassi Thomson 10 1 2 2
PowerPlay Forward
Center Left Wing Right Wing Time % Phy DF OF
1 Brad Malone Rudolfs Balcers Jesse Puljujarvi 60 1 2 2
2 Liam Foudy Austin Watson Ivan Lodnia 40 1 2 2
PowerPlay Defense
Defense Defense Time % Phy DF OF
1 Dylan Samberg Lassi Thomson 60 1 2 2
2 Pierre-Olivier Joseph Lucas Carlsson 40 1 2 2
Penalty Kill 4 Players Forward
Center Wing Time % Phy DF OF
1 Jesse Puljujarvi Rudolfs Balcers 60 1 2 2
2 Austin Watson Brad Malone 40 1 2 2
Penalty Kill 4 Players Defense
Defense Defense Time % Phy DF OF
1 Dylan Samberg Lassi Thomson 60 1 2 2
2 Pierre-Olivier Joseph Lucas Carlsson 40 1 2 2
Penalty Kill - 3 Players Forward
Forward Time % Phy DF OF
1 Jesse Puljujarvi 60 1 2 2
2 Rudolfs Balcers 40 1 2 2
Penalty Kill - 3 Players Defense
Defense Defense Time % Phy DF OF
1 Dylan Samberg Lassi Thomson 60 1 2 2
2 Pierre-Olivier Joseph Lucas Carlsson 40 1 2 2
4 vs 4 Forward
Center Wing Time % Phy DF OF
1 Jesse Puljujarvi Rudolfs Balcers 60 1 2 2
2 Austin Watson Brad Malone 40 1 2 2
4 vs 4 Defense
Defense Defense Time % Phy DF OF
1 Dylan Samberg Lassi Thomson 60 1 2 2
2 Pierre-Olivier Joseph Lucas Carlsson 40 1 2 2
Last Minutes Offensive
Center Left Wing Right Wing Defense Defense
Brad Malone Rudolfs Balcers Jesse Puljujarvi Dylan Samberg Lassi Thomson
Last Minutes Defensive
Center Left Wing Right Wing Defense Defense
Brad Malone Rudolfs Balcers Jesse Puljujarvi Dylan Samberg Lassi Thomson
Goaltenders
Starting : Jakub Skarek
Backup : Hugo Alnefelt
Extra Forwards
Normal : Glenn Gawdin, Luke Henman, Quinton Byfield - PP : Glenn Gawdin, Luke Henman - PK : Quinton Byfield
Extra Defensemen
Normal : Scott Perunovich, Nikita Okhotyuk, Pierre-Olivier Joseph - PP : Scott Perunovich - PK : Nikita Okhotyuk, Pierre-Olivier Joseph
Penalty Shots
Jesse Puljujarvi, Rudolfs Balcers, Austin Watson, Brad Malone, Liam Foudy
Providence Bruins
5 vs 5 Forward
Center Left Wing Right Wing Time % Phy DF OF
1 Morgan Geekie Joe Veleno John-Jason Peterka 40 1 2 2
2 Jack Studnicka Michal Teply Cole Schwindt 30 1 2 2
3 Logan Hutsko Austin Wagner Brandon Coe 20 1 2 2
4 Jordy Bellerive Morgan Geekie Joe Veleno 10 1 2 2
5 vs 5 Defense
Defense Defense Time % Phy DF OF
1 Jordan Spence Nikolai Knyzhov 40 1 2 2
2 Jacob Moverare Samuel Bolduc 30 1 2 2
3 Jared McIsaac Helge Grans 20 1 2 2
4 Marc Del Gaizo Mason Millman 10 1 2 2
PowerPlay Forward
Center Left Wing Right Wing Time % Phy DF OF
1 Morgan Geekie Joe Veleno John-Jason Peterka 60 1 2 2
2 Jack Studnicka Michal Teply Cole Schwindt 40 1 2 2
PowerPlay Defense
Defense Defense Time % Phy DF OF
1 Jordan Spence Nikolai Knyzhov 60 1 2 2
2 Jacob Moverare Samuel Bolduc 40 1 2 2
Penalty Kill 4 Players Forward
Center Wing Time % Phy DF OF
1 Morgan Geekie Joe Veleno 60 1 2 2
2 John-Jason Peterka Jack Studnicka 40 1 2 2
Penalty Kill 4 Players Defense
Defense Defense Time % Phy DF OF
1 Jordan Spence Nikolai Knyzhov 60 1 2 2
2 Jacob Moverare Samuel Bolduc 40 1 2 2
Penalty Kill - 3 Players Forward
Forward Time % Phy DF OF
1 Morgan Geekie 60 1 2 2
2 Joe Veleno 40 1 2 2
Penalty Kill - 3 Players Defense
Defense Defense Time % Phy DF OF
1 Jordan Spence Nikolai Knyzhov 60 1 2 2
2 Jacob Moverare Samuel Bolduc 40 1 2 2
4 vs 4 Forward
Center Wing Time % Phy DF OF
1 Morgan Geekie Joe Veleno 60 1 2 2
2 John-Jason Peterka Jack Studnicka 40 1 2 2
4 vs 4 Defense
Defense Defense Time % Phy DF OF
1 Jordan Spence Nikolai Knyzhov 60 1 2 2
2 Jacob Moverare Samuel Bolduc 40 1 2 2
Last Minutes Offensive
Center Left Wing Right Wing Defense Defense
Morgan Geekie Joe Veleno John-Jason Peterka Jordan Spence Nikolai Knyzhov
Last Minutes Defensive
Center Left Wing Right Wing Defense Defense
Morgan Geekie Joe Veleno John-Jason Peterka Jordan Spence Nikolai Knyzhov
Goaltenders
Starting : Olivier Rodrigue
Backup : Trent Miner
Extra Forwards
Normal : Austin Wagner, Logan Hutsko, Jordy Bellerive - PP : Austin Wagner, Logan Hutsko - PK : Jordy Bellerive
Extra Defensemen
Normal : Jared McIsaac, Helge Grans, Marc Del Gaizo - PP : Jared McIsaac - PK : Helge Grans, Marc Del Gaizo
Penalty Shots
Morgan Geekie, Joe Veleno, John-Jason Peterka, Jack Studnicka, Cole Schwindt
% Time on Ice - Toronto St Pats
Lines # - Real PCT - Wanted PCT - Time Play
Normal Forward
1 - 23% - 40% - 11:48
2 - 33% - 30% - 17:01
3 - 22% - 20% - 11:11
4 - 21% - 10% - 10:52
Normal Defense
1 - 36% - 40% - 18:09
2 - 32% - 30% - 16:12
3 - 30% - 20% - 15:30
4 - 2% - 10% - 1:01
PP Forward
1 - 53% - 60% - 3:10
2 - 47% - 40% - 2:51
PP Defense
1 - 57% - 60% - 3:27
2 - 43% - 40% - 2:34
PK Forward
1 - 100% - 60% - 0:04
2 - 0% - 40% - 0:00
PK Defense
1 - 100% - 60% - 0:04
2 - 0% - 40% - 0:00
PK3 Forward
1 - 0% - 60%
2 - 0% - 40%
PK3 Defense
1 - 0% - 60%
2 - 0% - 40%
44 Forward
1 - 79% - 60% - 3:28
2 - 21% - 40% - 0:56
44 Defense
1 - 72% - 60% - 3:09
2 - 28% - 40% - 1:15
Last Minute Offensive - 1:08
Last Minute Defensive - 0:00
Total
Forward - 62:29
Defense - 62:29
|
% Time on Ice - Providence Bruins
Lines # - Real PCT - Wanted PCT - Time Play
Normal Forward
1 - 31% - 40% - 15:59
2 - 34% - 30% - 17:19
3 - 27% - 20% - 13:34
4 - 8% - 10% - 4:00
Normal Defense
1 - 39% - 40% - 19:49
2 - 29% - 30% - 14:43
3 - 18% - 20% - 9:18
4 - 14% - 10% - 7:02
PP Forward
1 - 100% - 60% - 0:04
2 - 0% - 40% - 0:00
PP Defense
1 - 100% - 60% - 0:04
2 - 0% - 40% - 0:00
PK Forward
1 - 71% - 60% - 4:18
2 - 29% - 40% - 1:43
PK Defense
1 - 60% - 60% - 3:37
2 - 40% - 40% - 2:24
PK3 Forward
1 - 0% - 60%
2 - 0% - 40%
PK3 Defense
1 - 0% - 60%
2 - 0% - 40%
44 Forward
1 - 79% - 60% - 3:28
2 - 21% - 40% - 0:56
44 Defense
1 - 59% - 60% - 2:35
2 - 41% - 40% - 1:49
Last Minute Offensive - 0:00
Last Minute Defensive - 1:08
Total
Forward - 62:29
Defense - 62:29
|
Play-by-Play
1st period
0:01 of 1st period - Morgan Geekie wins face-off versus Brad Malone in neutral zone.
0:51 of 1st period - Snap shot by Logan Hutsko.
0:51 of 1st period - Stopped by Jakub Skarek with a rebound.
1:07 of 1st period - Helge Grans is hit by Lucas Carlsson and loses puck.
1:50 of 1st period - Jordan Spence is hit by Brad Malone and loses puck.
2:01 of 1st period - Snap shot by Rudolfs Balcers.
2:01 of 1st period - Stopped by Olivier Rodrigue without a rebound.
2:02 of 1st period - Morgan Geekie wins face-off versus Jake Leschyshyn in Providence Bruins zone.
2:08 of 1st period - Off-side.
2:09 of 1st period - Joe Veleno wins face-off versus Liam Foudy in neutral zone.
2:35 of 1st period - Quinton Byfield is hit by Samuel Bolduc.
2:43 of 1st period - Snap shot by Jesse Puljujarvi.
2:43 of 1st period - Goal by Jesse Puljujarvi - Toronto St Pats : 1 - Providence Bruins : 0.
2:44 of 1st period - Morgan Geekie wins face-off versus Brad Malone in neutral zone.
2:49 of 1st period - Wrist shot by Morgan Geekie.
2:49 of 1st period - Stopped by Jakub Skarek with a rebound.
3:37 of 1st period - Icing by Connor Dewar.
3:38 of 1st period - Quinton Byfield wins face-off versus Morgan Geekie in Toronto St Pats zone.
3:38 of 1st period - Quinton Byfield is hit by Nikolai Knyzhov.
4:12 of 1st period - Jack Studnicka is hit by Austin Watson and loses puck.
4:51 of 1st period - Icing by Jacob Moverare.
4:52 of 1st period - Logan Hutsko wins face-off versus Brad Malone in Providence Bruins zone.
4:59 of 1st period - Snap shot by Jesse Puljujarvi.
4:59 of 1st period - Stopped by Olivier Rodrigue without a rebound.
5:00 of 1st period - Morgan Geekie wins face-off versus Brad Malone in Providence Bruins zone.
5:09 of 1st period - Slapshot by Rudolfs Balcers.
5:09 of 1st period - Shot Blocked by John-Jason Peterka.
5:18 of 1st period - Icing by Jesse Puljujarvi.
5:19 of 1st period - Brad Malone wins face-off versus Jack Studnicka in Toronto St Pats zone.
6:42 of 1st period - Icing by Brad Malone.
6:43 of 1st period - Morgan Geekie wins face-off versus Brad Malone in Toronto St Pats zone.
7:10 of 1st period - Snap shot by Rudolfs Balcers.
7:10 of 1st period - Stopped by Olivier Rodrigue with a rebound.
7:12 of 1st period - Snap shot by Jesse Puljujarvi.
7:12 of 1st period - Shot Misses the Net.
7:14 of 1st period - Snap shot by Brad Malone.
7:14 of 1st period - Shot Blocked by Samuel Bolduc.
7:16 of 1st period - Snap shot by Brad Malone.
7:16 of 1st period - Stopped by Olivier Rodrigue without a rebound.
7:17 of 1st period - Brandon Coe wins face-off versus Liam Foudy in Providence Bruins zone.
8:21 of 1st period - Slapshot by Lassi Thomson.
8:21 of 1st period - Stopped by Olivier Rodrigue with a rebound.
12:35 of 1st period - Michal Teply is hit by Nikita Okhotyuk and loses puck.
14:12 of 1st period - Icing by Pierre-Olivier Joseph.
14:13 of 1st period - Jack Studnicka wins face-off versus Quinton Byfield in Toronto St Pats zone.
16:08 of 1st period - Icing by Jesse Puljujarvi.
16:09 of 1st period - Jordy Bellerive wins face-off versus Quinton Byfield in Toronto St Pats zone.
16:10 of 1st period - Snap shot by John-Jason Peterka.
16:10 of 1st period - Stopped by Jakub Skarek with a rebound.
16:32 of 1st period - Snap shot by Jake Leschyshyn.
16:32 of 1st period - Stopped by Olivier Rodrigue with a rebound.
16:34 of 1st period - Wrist shot by Rudolfs Balcers.
16:34 of 1st period - Shot Misses the Net.
16:36 of 1st period - Slapshot by Lucas Carlsson.
16:36 of 1st period - Stopped by Olivier Rodrigue with a rebound.
16:38 of 1st period - Snap shot by Antonio Stranges.
16:38 of 1st period - Stopped by Olivier Rodrigue with a rebound.
17:03 of 1st period - Minor Penalty to Jack Studnicka for High sticking.
17:04 of 1st period - Rudolfs Balcers wins face-off versus Morgan Geekie in Providence Bruins zone.
17:41 of 1st period - Snap shot by Jordy Bellerive.
17:41 of 1st period - Shot Misses the Net.
18:21 of 1st period - Jesse Puljujarvi is hit by Nikolai Knyzhov and loses puck.
18:28 of 1st period - Nikolai Knyzhov is hit by Brad Malone and loses puck.
19:03 of 1st period - Penalty to Jack Studnicka is over, Jack Studnicka is back on ice.
19:05 of 1st period - Samuel Bolduc is hit by Glenn Gawdin and loses puck.
19:31 of 1st period - Jack Studnicka is hit by Jesse Puljujarvi and loses puck.
Goals for this period are 1 for Toronto St Pats vs 0 for Providence Bruins.
Shots for this period are 9 for Toronto St Pats vs 3 for Providence Bruins.
2nd period
0:01 of 2nd period - Morgan Geekie wins face-off versus Brad Malone in neutral zone.
0:26 of 2nd period - Nikolai Knyzhov is hit by Liam Foudy and loses puck.
1:11 of 2nd period - Wrist shot by Joe Veleno.
1:11 of 2nd period - Stopped by Jakub Skarek with a rebound.
1:23 of 2nd period - Wrist shot by Cole Schwindt.
1:23 of 2nd period - Shot Misses the Net.
2:18 of 2nd period - Morgan Geekie is hit by Ivan Lodnia and loses puck.
2:35 of 2nd period - Wrist shot by Brandon Coe.
2:35 of 2nd period - Shot Blocked by Dylan Samberg.
2:57 of 2nd period - Michal Teply is hit by Glenn Gawdin and loses puck.
3:30 of 2nd period - Helge Grans is hit by Glenn Gawdin and loses puck.
3:53 of 2nd period - Jack Studnicka is hit by Austin Watson and loses puck.
4:33 of 2nd period - Icing by Logan Hutsko.
4:34 of 2nd period - Logan Hutsko wins face-off versus Jake Leschyshyn in Providence Bruins zone.
5:11 of 2nd period - Wrist shot by Rudolfs Balcers.
5:11 of 2nd period - Shot Blocked by Helge Grans.
5:46 of 2nd period - Wrist shot by Austin Wagner.
5:46 of 2nd period - Stopped by Jakub Skarek with a rebound.
5:48 of 2nd period - Slapshot by Jacob Moverare.
5:48 of 2nd period - Shot Blocked by Austin Watson.
5:50 of 2nd period - Slapshot by Nikolai Knyzhov.
5:50 of 2nd period - Shot Blocked by Liam Foudy.
7:10 of 2nd period - Jake Leschyshyn is hit by Jacob Moverare and loses puck.
7:21 of 2nd period - Jack Studnicka is hit by Connor Dewar and loses puck.
7:48 of 2nd period - Penalty Shot by John-Jason Peterka for Providence Bruins.
7:48 of 2nd period - Backhand shot by John-Jason Peterka.
7:48 of 2nd period - Goal by John-Jason Peterka - Toronto St Pats : 1 - Providence Bruins : 1.
7:49 of 2nd period - Brad Malone wins face-off versus Jack Studnicka in neutral zone.
7:50 of 2nd period - Brad Malone wins face-off versus Morgan Geekie in Providence Bruins zone.
7:51 of 2nd period - Snap shot by Jesse Puljujarvi.
7:51 of 2nd period - Stopped by Olivier Rodrigue with a rebound.
7:53 of 2nd period - Minor Penalty to Nikolai Knyzhov for Hooking.
7:54 of 2nd period - Morgan Geekie wins face-off versus Rudolfs Balcers in Providence Bruins zone.
7:59 of 2nd period - Rudolfs Balcers is hit by Jordan Spence and loses puck.
9:53 of 2nd period - Penalty to Nikolai Knyzhov is over, Nikolai Knyzhov is back on ice.
10:04 of 2nd period - Snap shot by Nikolai Knyzhov.
10:04 of 2nd period - Shot Misses the Net.
10:06 of 2nd period - Snap shot by Nikolai Knyzhov.
10:06 of 2nd period - Shot Blocked by Pierre-Olivier Joseph.
10:08 of 2nd period - Snap shot by Nikolai Knyzhov.
10:08 of 2nd period - Stopped by Jakub Skarek without a rebound.
10:09 of 2nd period - Quinton Byfield wins face-off versus Logan Hutsko in Toronto St Pats zone.
11:14 of 2nd period - Minor Penalty to John-Jason Peterka for Interference.
11:15 of 2nd period - Morgan Geekie wins face-off versus Liam Foudy in Providence Bruins zone.
11:38 of 2nd period - Rudolfs Balcers is hit by Morgan Geekie and loses puck.
11:46 of 2nd period - Icing by Jesse Puljujarvi.
11:47 of 2nd period - Jordy Bellerive wins face-off versus Brad Malone in Toronto St Pats zone.
11:58 of 2nd period - Jack Studnicka is hit by Rudolfs Balcers and loses puck.
12:38 of 2nd period - Nikolai Knyzhov is hit by Rudolfs Balcers and loses puck.
13:14 of 2nd period - Penalty to John-Jason Peterka is over, John-Jason Peterka is back on ice.
13:34 of 2nd period - Off-side.
13:35 of 2nd period - Jake Leschyshyn wins face-off versus Austin Wagner in neutral zone.
14:20 of 2nd period - Pierre-Olivier Joseph is hit by Cole Schwindt and loses puck.
15:24 of 2nd period - Wrist shot by Morgan Geekie.
15:24 of 2nd period - Stopped by Jakub Skarek with a rebound.
15:54 of 2nd period - Glenn Gawdin is hit by Logan Hutsko and loses puck.
16:34 of 2nd period - Mason Millman is hit by Quinton Byfield.
16:52 of 2nd period - Jack Studnicka is hit by Antonio Stranges and loses puck.
17:19 of 2nd period - Slapshot by Pierre-Olivier Joseph.
17:19 of 2nd period - Shot Blocked by Jordy Bellerive.
17:30 of 2nd period - Icing by Pierre-Olivier Joseph.
17:31 of 2nd period - Quinton Byfield wins face-off versus Logan Hutsko in Toronto St Pats zone.
18:06 of 2nd period - Wrist shot by John-Jason Peterka.
18:06 of 2nd period - Stopped by Jakub Skarek with a rebound.
18:29 of 2nd period - Icing by Samuel Bolduc.
18:30 of 2nd period - Logan Hutsko wins face-off versus Quinton Byfield in Providence Bruins zone.
18:46 of 2nd period - Snap shot by Jack Studnicka.
18:46 of 2nd period - Stopped by Jakub Skarek without a rebound.
18:47 of 2nd period - John-Jason Peterka wins face-off versus Liam Foudy in Toronto St Pats zone.
18:48 of 2nd period - Snap shot by Joe Veleno.
18:48 of 2nd period - Deflect By Morgan Geekie.
18:48 of 2nd period - Shot Blocked by Austin Watson.
18:48 of 2nd period - Puck is out of play.
18:49 of 2nd period - Morgan Geekie wins face-off versus Liam Foudy in Toronto St Pats zone.
18:51 of 2nd period - Icing by Liam Foudy.
18:52 of 2nd period - Liam Foudy wins face-off versus John-Jason Peterka in Toronto St Pats zone.
19:01 of 2nd period - Jordan Spence is hit by Austin Watson and loses puck.
19:40 of 2nd period - Snap shot by Logan Hutsko.
19:40 of 2nd period - Deflect By Quinton Byfield.
19:40 of 2nd period - Stopped by Jakub Skarek with a rebound.
19:42 of 2nd period - Wrist shot by Austin Wagner.
19:42 of 2nd period - Deflect By Logan Hutsko.
19:42 of 2nd period - Shot Misses the Net.
19:42 of 2nd period - Puck is out of play.
19:43 of 2nd period - Logan Hutsko wins face-off versus Liam Foudy in Toronto St Pats zone.
19:44 of 2nd period - Snap shot by Austin Wagner.
19:44 of 2nd period - Shot Misses the Net.
19:46 of 2nd period - Slapshot by Jacob Moverare.
19:46 of 2nd period - Deflect By Austin Wagner.
19:46 of 2nd period - Shot Misses the Net.
19:46 of 2nd period - Puck is out of play.
19:47 of 2nd period - Liam Foudy wins face-off versus Morgan Geekie in Toronto St Pats zone.
19:47 of 2nd period - Liam Foudy is hit by Morgan Geekie.
19:56 of 2nd period - Off-side.
19:57 of 2nd period - Morgan Geekie wins face-off versus Brad Malone in neutral zone.
Goals for this period are 0 for Toronto St Pats vs 1 for Providence Bruins.
Shots for this period are 1 for Toronto St Pats vs 7 for Providence Bruins.
3rd period
0:01 of 3rd period - Jesse Puljujarvi wins face-off versus Morgan Geekie in neutral zone.
0:10 of 3rd period - Slapshot by Jesse Puljujarvi.
0:10 of 3rd period - Stopped by Olivier Rodrigue without a rebound.
0:11 of 3rd period - Brad Malone wins face-off versus Morgan Geekie in Providence Bruins zone.
0:26 of 3rd period - Wrist shot by John-Jason Peterka.
0:26 of 3rd period - Shot Blocked by Rudolfs Balcers.
0:38 of 3rd period - Slapshot by Jacob Moverare.
0:38 of 3rd period - Stopped by Jakub Skarek with a rebound.
0:40 of 3rd period - Snap shot by Logan Hutsko.
0:40 of 3rd period - Shot Blocked by Rudolfs Balcers.
0:44 of 3rd period - Snap shot by Logan Hutsko.
0:44 of 3rd period - Shot Misses the Net.
0:46 of 3rd period - Snap shot by Austin Wagner.
0:46 of 3rd period - Goal by Austin Wagner - Toronto St Pats : 1 - Providence Bruins : 2.
0:47 of 3rd period - Liam Foudy wins face-off versus Morgan Geekie in neutral zone.
0:49 of 3rd period - Minor Penalty to Austin Watson for High sticking.
0:50 of 3rd period - Morgan Geekie wins face-off versus Jesse Puljujarvi in Toronto St Pats zone.
0:53 of 3rd period - Minor Penalty to John-Jason Peterka for Goalie Interference.
0:54 of 3rd period - Morgan Geekie wins face-off versus Jesse Puljujarvi in Providence Bruins zone.
2:00 of 3rd period - Snap shot by Lucas Carlsson.
2:00 of 3rd period - Shot Blocked by Samuel Bolduc.
2:02 of 3rd period - Wrist shot by Glenn Gawdin.
2:02 of 3rd period - Stopped by Olivier Rodrigue with a rebound.
2:42 of 3rd period - Dylan Samberg is hit by Nikolai Knyzhov and loses puck.
2:49 of 3rd period - Penalty to Austin Watson is over, Austin Watson is back on ice.
2:52 of 3rd period - Off-side.
2:53 of 3rd period - Penalty to John-Jason Peterka is over, John-Jason Peterka is back on ice.
2:53 of 3rd period - Jack Studnicka wins face-off versus Liam Foudy in neutral zone.
3:01 of 3rd period - Slapshot by Cole Schwindt.
3:01 of 3rd period - Shot Misses the Net.
3:19 of 3rd period - Jesse Puljujarvi is hit by Brandon Coe.
4:03 of 3rd period - Snap shot by Morgan Geekie.
4:03 of 3rd period - Stopped by Jakub Skarek with a rebound.
4:05 of 3rd period - Snap shot by Jordan Spence.
4:05 of 3rd period - Stopped by Jakub Skarek with a rebound.
4:07 of 3rd period - Snap shot by Jordy Bellerive.
4:07 of 3rd period - Shot Misses the Net.
4:09 of 3rd period - Slapshot by Jordan Spence.
4:09 of 3rd period - Shot Blocked by Lucas Carlsson.
4:19 of 3rd period - Slapshot by Pierre-Olivier Joseph.
4:19 of 3rd period - Deflect By Jesse Puljujarvi.
4:19 of 3rd period - Shot Blocked by Samuel Bolduc.
4:19 of 3rd period - Puck is out of play.
4:20 of 3rd period - Jack Studnicka wins face-off versus Quinton Byfield in Providence Bruins zone.
4:20 of 3rd period - Jack Studnicka is hit by Jesse Puljujarvi.
4:26 of 3rd period - Slapshot by Michal Teply.
4:26 of 3rd period - Shot Blocked by Quinton Byfield.
4:47 of 3rd period - Morgan Geekie is hit by Dylan Samberg and loses puck.
5:02 of 3rd period - Rudolfs Balcers is hit by Brandon Coe.
5:13 of 3rd period - Off-side.
5:14 of 3rd period - Jack Studnicka wins face-off versus Quinton Byfield in neutral zone.
5:59 of 3rd period - Snap shot by Logan Hutsko.
5:59 of 3rd period - Deflect By Austin Wagner.
5:59 of 3rd period - Stopped by Jakub Skarek without a rebound.
6:00 of 3rd period - Logan Hutsko wins face-off versus Antonio Stranges in Toronto St Pats zone.
6:01 of 3rd period - Snap shot by Jordan Spence.
6:01 of 3rd period - Shot Blocked by Antonio Stranges.
6:29 of 3rd period - Off-side.
6:30 of 3rd period - Austin Watson wins face-off versus Morgan Geekie in neutral zone.
7:00 of 3rd period - Snap shot by Michal Teply.
7:00 of 3rd period - Stopped by Jakub Skarek with a rebound.
7:02 of 3rd period - Snap shot by Samuel Bolduc.
7:02 of 3rd period - Shot Blocked by Lassi Thomson.
7:04 of 3rd period - Snap shot by Samuel Bolduc.
7:04 of 3rd period - Shot Misses the Net.
7:16 of 3rd period - Slapshot by Dylan Samberg.
7:16 of 3rd period - Shot Blocked by Jordan Spence.
7:40 of 3rd period - Slapshot by Nikolai Knyzhov.
7:40 of 3rd period - Stopped by Jakub Skarek with a rebound.
7:42 of 3rd period - Snap shot by Jordy Bellerive.
7:42 of 3rd period - Shot Misses the Net.
7:44 of 3rd period - Wrist shot by Jordy Bellerive.
7:44 of 3rd period - Goal by Jordy Bellerive - Toronto St Pats : 1 - Providence Bruins : 3.
7:45 of 3rd period - Brad Malone wins face-off versus Morgan Geekie in neutral zone.
7:50 of 3rd period - Morgan Geekie is hit by Rudolfs Balcers and loses puck.
8:11 of 3rd period - Lassi Thomson is hit by Nikolai Knyzhov and loses puck.
8:20 of 3rd period - Wrist shot by Rudolfs Balcers.
8:20 of 3rd period - Shot Misses the Net.
8:22 of 3rd period - Snap shot by Jesse Puljujarvi.
8:22 of 3rd period - Stopped by Olivier Rodrigue with a rebound.
8:24 of 3rd period - Slapshot by Rudolfs Balcers.
8:24 of 3rd period - Shot Misses the Net.
8:26 of 3rd period - Snap shot by Brad Malone.
8:26 of 3rd period - Stopped by Olivier Rodrigue without a rebound.
8:27 of 3rd period - Morgan Geekie wins face-off versus Liam Foudy in Providence Bruins zone.
9:00 of 3rd period - Off-side.
9:01 of 3rd period - Jake Leschyshyn wins face-off versus Morgan Geekie in neutral zone.
9:04 of 3rd period - Wrist shot by Rudolfs Balcers.
9:04 of 3rd period - Shot Misses the Net.
9:10 of 3rd period - Wrist shot by Joe Veleno.
9:10 of 3rd period - Stopped by Jakub Skarek with a rebound.
9:12 of 3rd period - Slapshot by Morgan Geekie.
9:12 of 3rd period - Stopped by Jakub Skarek with a rebound.
9:14 of 3rd period - Backhand shot by John-Jason Peterka.
9:14 of 3rd period - Stopped by Jakub Skarek with a rebound.
9:16 of 3rd period - Slapshot by Jordan Spence.
9:16 of 3rd period - Stopped by Jakub Skarek with a rebound.
9:49 of 3rd period - Slapshot by Lassi Thomson.
9:49 of 3rd period - Stopped by Olivier Rodrigue without a rebound.
9:50 of 3rd period - Liam Foudy wins face-off versus Jack Studnicka in Providence Bruins zone.
9:51 of 3rd period - Backhand shot by Austin Watson.
9:51 of 3rd period - Stopped by Olivier Rodrigue with a rebound.
10:23 of 3rd period - Wrist shot by Jesse Puljujarvi.
10:23 of 3rd period - Stopped by Olivier Rodrigue with a rebound.
10:25 of 3rd period - Wrist shot by Connor Dewar.
10:25 of 3rd period - Shot Misses the Net.
10:27 of 3rd period - Snap shot by Jesse Puljujarvi.
10:27 of 3rd period - Shot Misses the Net.
10:43 of 3rd period - Snap shot by Logan Hutsko.
10:43 of 3rd period - Stopped by Jakub Skarek with a rebound.
10:45 of 3rd period - Wrist shot by Austin Wagner.
10:45 of 3rd period - Shot Misses the Net.
10:47 of 3rd period - Wrist shot by Brandon Coe.
10:47 of 3rd period - Stopped by Jakub Skarek with a rebound.
10:49 of 3rd period - Slapshot by Nikolai Knyzhov.
10:49 of 3rd period - Deflect By Jesse Puljujarvi.
10:49 of 3rd period - Stopped by Jakub Skarek with a rebound.
10:59 of 3rd period - Snap shot by Austin Watson.
10:59 of 3rd period - Stopped by Olivier Rodrigue without a rebound.
11:00 of 3rd period - Jack Studnicka wins face-off versus Liam Foudy in Providence Bruins zone.
11:08 of 3rd period - Off-side.
11:09 of 3rd period - Morgan Geekie wins face-off versus Austin Watson in neutral zone.
11:14 of 3rd period - Wrist shot by John-Jason Peterka.
11:14 of 3rd period - Shot Blocked by Ivan Lodnia.
12:01 of 3rd period - Brandon Coe is hit by Lassi Thomson and loses puck.
12:18 of 3rd period - Wrist shot by Rudolfs Balcers.
12:18 of 3rd period - Stopped by Olivier Rodrigue with a rebound.
12:20 of 3rd period - Slapshot by Lassi Thomson.
12:20 of 3rd period - Stopped by Olivier Rodrigue with a rebound.
12:22 of 3rd period - Slapshot by Antonio Stranges.
12:22 of 3rd period - Shot Misses the Net.
12:24 of 3rd period - Snap shot by Antonio Stranges.
12:24 of 3rd period - Goal by Antonio Stranges - Toronto St Pats : 2 - Providence Bruins : 3.
12:25 of 3rd period - Morgan Geekie wins face-off versus Jesse Puljujarvi in neutral zone.
12:51 of 3rd period - Michal Teply is hit by Lucas Carlsson and loses puck.
13:00 of 3rd period - Lucas Carlsson is hit by Cole Schwindt and loses puck.
13:15 of 3rd period - Connor Dewar is hit by Austin Wagner and loses puck.
13:36 of 3rd period - Wrist shot by Rudolfs Balcers.
13:36 of 3rd period - Stopped by Olivier Rodrigue without a rebound.
13:37 of 3rd period - Morgan Geekie wins face-off versus Jake Leschyshyn in Providence Bruins zone.
13:50 of 3rd period - Snap shot by Rudolfs Balcers.
13:50 of 3rd period - Stopped by Olivier Rodrigue with a rebound.
14:09 of 3rd period - Ivan Lodnia is hit by Michal Teply and loses puck.
14:25 of 3rd period - Nikolai Knyzhov is hit by Nikita Okhotyuk and loses puck.
15:04 of 3rd period - Wrist shot by Jack Studnicka.
15:04 of 3rd period - Stopped by Jakub Skarek with a rebound.
17:12 of 3rd period - Wrist shot by Quinton Byfield.
17:12 of 3rd period - Shot Misses the Net.
18:52 of 3rd period - Snap shot by Morgan Geekie.
18:52 of 3rd period - Deflect By John-Jason Peterka.
18:52 of 3rd period - Stopped by Jakub Skarek with a rebound.
18:54 of 3rd period - Snap shot by Mason Millman.
18:54 of 3rd period - Stopped by Jakub Skarek with a rebound.
18:56 of 3rd period - Wrist shot by Austin Wagner.
18:56 of 3rd period - Shot Misses the Net.
18:58 of 3rd period - Snap shot by Morgan Geekie.
18:58 of 3rd period - Shot Misses the Net.
19:00 of 3rd period - Wrist shot by Morgan Geekie.
19:00 of 3rd period - Shot Hit the Post.
19:18 of 3rd period - Wrist shot by John-Jason Peterka.
19:18 of 3rd period - Deflect By Austin Wagner.
19:18 of 3rd period - Stopped by Jakub Skarek with a rebound.
19:20 of 3rd period - Wrist shot by John-Jason Peterka.
19:20 of 3rd period - Deflect By Morgan Geekie.
19:20 of 3rd period - Stopped by Jakub Skarek with a rebound.
19:22 of 3rd period - Slapshot by John-Jason Peterka.
19:22 of 3rd period - Stopped by Jakub Skarek without a rebound.
19:23 of 3rd period - Glen Gulutzan call a timeout for Toronto St Pats.
19:23 of 3rd period - Luke Henman wins face-off versus Morgan Geekie in Toronto St Pats zone.
19:30 of 3rd period - Toronto St Pats, Jakub Skarek is pulled from the net.
19:50 of 3rd period - Snap shot by Jesse Puljujarvi.
19:50 of 3rd period - Stopped by Olivier Rodrigue with a rebound.
19:52 of 3rd period - Wrist shot by Luke Henman.
19:52 of 3rd period - Goal by Luke Henman - Toronto St Pats : 3 - Providence Bruins : 3.
19:52 of 3rd period - Jakub Skarek from Toronto St Pats was sent back in the game.
19:53 of 3rd period - Logan Hutsko wins face-off versus Brad Malone in neutral zone.
19:58 of 3rd period - Wrist shot by Joe Veleno.
19:58 of 3rd period - Shot Misses the Net.
Goals for this period are 2 for Toronto St Pats vs 2 for Providence Bruins.
Shots for this period are 15 for Toronto St Pats vs 21 for Providence Bruins.
Overtime #1
0:01 of 1st overtime period - Morgan Geekie wins face-off versus Jesse Puljujarvi in neutral zone.
0:04 of 1st overtime period - Jesse Puljujarvi is hit by Nikolai Knyzhov and loses puck.
0:16 of 1st overtime period - Off-side.
0:17 of 1st overtime period - Jesse Puljujarvi wins face-off versus Morgan Geekie in neutral zone.
0:51 of 1st overtime period - Slapshot by Jordan Spence.
0:51 of 1st overtime period - Deflect By Lassi Thomson.
0:51 of 1st overtime period - Stopped by Jakub Skarek with a rebound.
0:53 of 1st overtime period - Snap shot by John-Jason Peterka.
0:53 of 1st overtime period - Stopped by Jakub Skarek with a rebound.
0:55 of 1st overtime period - Slapshot by Jack Studnicka.
0:55 of 1st overtime period - Shot Misses the Net.
0:57 of 1st overtime period - Wrist shot by Jack Studnicka.
0:57 of 1st overtime period - Shot Blocked by Lassi Thomson.
1:29 of 1st overtime period - Snap shot by Austin Wagner.
1:29 of 1st overtime period - Stopped by Jakub Skarek without a rebound.
1:30 of 1st overtime period - Morgan Geekie wins face-off versus Jesse Puljujarvi in Toronto St Pats zone.
1:51 of 1st overtime period - Samuel Bolduc is hit by Dylan Samberg and loses puck.
2:22 of 1st overtime period - Lassi Thomson is hit by Austin Wagner and loses puck.
2:29 of 1st overtime period - Snap shot by Austin Wagner.
2:29 of 1st overtime period - Goal by Austin Wagner - Toronto St Pats : 3 - Providence Bruins : 4.
Goals for this period are 0 for Toronto St Pats vs 1 for Providence Bruins.
Shots for this period are 0 for Toronto St Pats vs 4 for Providence Bruins.
Back to the Top